 Dungeon Crawl Stone Soup version 0.30-a0-462-gd5975efbca (webtiles) character file.

Game seed: 69186394886218385

15 tilp the Shield-Bearer (level 2, -3/26 HPs)
             Began as a Meteoran Fighter on Dec 16, 2022.
             Slain by Terence
             ... wielding a +0 mace
              (7 damage)
             ... on level 2 of the Dungeon.
             The game lasted 00:01:20 (204 turns).

tilp the Shield-Bearer (Meteoran Fighter)            Turns: 204, Time: 00:01:21

Health: -3/26      AC: 11    Str: 17    XL:     2   Next: 88%
Magic:  3/3        EV:  5    Int:  9    God:
Gold:   55         SH:  5    Dex: 13    Spells: 1/1 levels left

rFire   . . .      SeeInvis .    a - +0 long sword
rCold   . . .      Faith    .    c - +0 buckler
rNeg    . . .      Spirit   .    e - +0 plate armour
rPois   .          Reflect  .    (no helmet)
rElec   .          Harm     .    (no cloak)
rCorr   .          Rampage  .    (no gloves)
Will    .....                    (no boots)
Stlth   ..........               (no amulet)
HPRegen 0.24/turn                (no ring)
MPRegen 0.08/turn                (no ring)

@: mighty, glowing
A: sense surroundings 1, otherworldly, glowing, explore regen
a: no special abilities


You were on level 2 of the Dungeon.
You visited 1 branch of the dungeon, and saw 2 of its levels.

You collected 55 gold pieces.

Inventory:

Hand Weapons
 a - a +0 long sword (weapon)
Armour
 b - a +0 scale mail
 c - a +0 buckler (worn)
 e - a +0 plate armour (worn)
Scrolls
 h - 3 scrolls of fear {unknown}
 k - a scroll of teleportation {unknown}
Potions
 d - a potion of might
 f - a potion of curing {unknown}
 g - 2 potions of flight {unknown}
 i - a potion of brilliance {unknown}
 j - a potion of attraction {unknown}


   Skills:
 + Level 3.3 Fighting
 + Level 2.6 Long Blades
 + Level 3.7 Armour
 * Level 1.4 Dodging
 + Level 0.4 Stealth
 + Level 3.7 Shields


You had one spell level left.
You didn't know any spells.
Your spell library was empty.

Dungeon Overview and Level Annotations

Branches:
Dungeon (2/15) Zot: 981

Altars:

Annotations:
D:2 Terence


Innate Abilities, Weirdness & Mutations

You passively map a small area around you.
You are easily found by Zot.
You glow in the dark.
You regain HP and MP as you explore.


Message History

k - a scroll labelled HEUCHE UTRELL Terence the Incautious comes into view.
He is wielding a +0 mace and wearing a +1 chain mail of cold resistance.
Terence shouts!
You now have 55 gold pieces (gained 7).
You feel very mighty all of a sudden.
Terence drinks a potion.
Terence goes berserk!
You block Terence's attack.
You closely miss Terence. You block Terence's attack. x2
You barely miss Terence. You block Terence's attack.
A rat comes into view.
You block Terence's attack.
You closely miss Terence. Terence hits you but does no damage. x2
You slash Terence!
Terence is moderately wounded.
Terence hits you with a +0 mace! x2
* * * LOW HITPOINT WARNING * * *
You are too injured to fight recklessly!
You are too injured to fight recklessly!
Unknown command.
You slash Terence!
Terence is heavily wounded.
Terence barely misses you.
You barely miss Terence.
Terence is heavily wounded.
You block Terence's attack. x2; Terence hits you with a +0 mace.
* * * LOW HITPOINT WARNING * * *
You barely miss Terence.
Terence is heavily wounded.
Terence hits you but does no damage.
Unknown command.
You slash Terence!
Terence is almost dead.
Terence hits you with a +0 mace.
* * * LOW HITPOINT WARNING * * *
Terence barely misses you.
Unknown command.
You closely miss Terence.
Terence is almost dead.
Terence hits you with a +0 mace!
You die...

#.##.............
#.##..#.....####.
#.##..#.....#
##.##†.......# ,
#...#<.##....# ,
##..#..####.....
##.#..# #.##.
#.#..## *.# #
#@@r..# .#
#.#..##* *
#.#..... ,
#........ ,
#.#*#####* , #.#
#.#** * * ... ,


You could see Terence (berserk) and a rat.

Vanquished Creatures
  A bat (D:1)
  A giant cockroach (D:1)
  2 goblins (D:1)
  3 jackals (D:1)
  4 ball pythons
  A kobold (D:1)
  2 rats
14 creatures vanquished.

Notes
Turn   | Place    | Note
-------+----------+-------------------------------------------
     0 | D:1      | tilp the Meteoran Fighter began the quest for the Orb.
     0 | D:1      | Reached XP level 1. HP: 19/19 MP: 2/2
    37 | D:1      | Reached XP level 2. HP: 24/26 MP: 3/3
    88 | D:1      | Reached skill level 1 in Dodging
   190 | D:2      | Noticed Terence
   204 | D:2      | Slain by Terence

Illustrated notes

Levels and vault maps discovered:
D:1:      moated_graveyard_arrival, layout_rooms,
          shapermc_ecumenical_altar_acropolis, serial_shops,
          nicolae_lakefront_shop
D:2:      layout_loops_ring, minmay_hedge_maze, uniq_terence, uniq_natasha

Skill      XL: |  1  2 |
---------------+-------+-----
Dodging        | 1 |  1.4
Fighting       | |  3.3
Long Blades    | |  2.6
Armour         | |  3.7
Stealth        | |  0.4
Shields        | |  3.7

Action                   || total
-------------------------++-------
Melee: Long sword        ||    45
  Use: Potion            ||     1
Armor: Scale mail        ||    12
       Plate armour      ||    27
Dodge: Dodged            ||    14
Block: Buckler           ||    23

Table legend: (Time is in decaauts)
 A = Elapsed time spent in this place.
 B = Non-inter-level travel time spent in this place.
 C = Inter-level travel time spent in this place.
 D = Time resting spent in this place.
 E = Time spent auto-exploring this place.
 F = Levels seen in this place.
 G = Mean time per level.
                   A        B        C        D        E       F      G
               +--------+--------+--------+--------+--------+-----+--------+
         Total |    217 |    217 |      0 |      0 |      0 |   2 |  108.5 |
       Dungeon |    217 |    217 |      0 |      0 |      0 |   2 |  108.5 |
               +--------+--------+--------+--------+--------+-----+--------+

Top non-repeatable levels by time:
     D:1: 170 daAuts
     D:2: 46 daAuts
